NWL (28 & UNDER)
CULVER CITY EXTRAS @ BISMARCK BARONS
08/22/2029
 
TOP OF THE 1ST
Culver City Extras batting - Pitching for Bismarck Barons : LHP Charlie Conner
Pitching: LHP Charlie Conner
Batting: RHB Horace Johnson 0-0: Foul Ball, location: 2F
0-1: Ball
1-1: Foul Ball, location: 2F
1-2: DOUBLE (Line Drive, 9LM)
Batting: SHB Norberto Muńóz 0-0: Ball
1-0: Ball
2-0: Ball
3-0: Called Strike
3-1: Foul Ball, location: 2F
3-2: Base on Balls
Batting: RHB Dave Anderson 0-0: Ball
1-0: Ball
2-0: Grounds into double play, 6-4-3 (Groundball, 6)
Horace Johnson to third
Batting: RHB Ricardo Deleón 0-0: Ball
1-0: Foul Ball, location: 2F
1-1: Foul Ball, location: 2F
1-2: Ball
2-2: Fly out, F4 (Popup, 4D)
Top of the 1st over - 0 runs, 1 hit, 0 errors, 1 left on base; Culver City 0 - Bismarck 0
BOTTOM OF THE 1ST
Bismarck Barons batting - Pitching for Culver City Extras : LHP Marcos Ortíz
Pitching: LHP Marcos Ortíz
Batting: RHB Rubén Palma 0-0: Foul Ball, location: 2F
0-1: Called Strike
0-2: Ball
1-2: Strikes out looking
Batting: LHB Jorge Fernández 0-0: Called Strike
0-1: Fly out, F8 (Flyball, 8LD)
Batting: LHB Brian Easdale 0-0: Ball
1-0: Ground out 6-3 (Groundball, 6)
Bottom of the 1st over - 0 runs, 0 hits, 0 errors, 0 left on base; Culver City 0 - Bismarck 0
TOP OF THE 2ND
Culver City Extras batting - Pitching for Bismarck Barons : LHP Charlie Conner
Batting: LHB Trey Fitzpatrick 0-0: Called Strike
0-1: Swinging Strike
0-2: Strikes out swinging
Batting: RHB Robert Koremans 0-0: Ball
1-0: Ball
2-0: Called Strike
2-1: Ball
3-1: Fly out, F7 (Flyball, 78D)
Batting: LHB Richard Bell 0-0: Ball
1-0: Called Strike
1-1: Called Strike
1-2: Strikes out looking
Top of the 2nd over - 0 runs, 0 hits, 0 errors, 0 left on base; Culver City 0 - Bismarck 0
BOTTOM OF THE 2ND
Bismarck Barons batting - Pitching for Culver City Extras : LHP Marcos Ortíz
Batting: RHB Fernando Castellanos 0-0: Ball
1-0: Ball
2-0: Called Strike
2-1: Ball
3-1: Base on Balls
Batting: RHB Eugenio Maldonado 0-0: Ball
1-0: Called Strike
1-1: Fly out, F7 (Flyball, 7S)
Batting: LHB Orlando Hernández 0-0: Ball
1-0: Foul Ball, location: 2F
1-1: Ball
2-1: Ground out 4-3 (Groundball, 34)
Fernando Castellanos to second
Batting: RHB Xie-li Fong 0-0: Called Strike
0-1: Ball
1-1: Ball
2-1: Ball
3-1: Fly out, F9 (Flyball, 9LS)
Bottom of the 2nd over - 0 runs, 0 hits, 0 errors, 1 left on base; Culver City 0 - Bismarck 0
TOP OF THE 3RD
Culver City Extras batting - Pitching for Bismarck Barons : LHP Charlie Conner
Batting: SHB Joey Boyd 0-0: Ball
1-0: Foul Ball, location: 2F
1-1: Ball
2-1: Ball
3-1: Base on Balls
Batting: LHB Ramiro Venegas 0-0: Ball
1-0: Called Strike
1-1: Ball
2-1: Fly out, F4 (Popup, 4MS)
Batting: RHB Horace Johnson 0-0: Ball
1-0: Foul Ball, location: 2F
1-1: Ball
2-1: Fly out, F3 (Popup, 3SF)
Batting: SHB Norberto Muńóz 0-0: Ball
1-0: Ball
2-0: SINGLE (Flyball, 7S)
Joey Boyd to second
Batting: RHB Dave Anderson 0-0: Called Strike
0-1: Foul Ball, location: 2F
0-2: Fielders Choice at 2nd, 5-4 (Groundball, 56)
Top of the 3rd over - 0 runs, 1 hit, 0 errors, 2 left on base; Culver City 0 - Bismarck 0
BOTTOM OF THE 3RD
Bismarck Barons batting - Pitching for Culver City Extras : LHP Marcos Ortíz
Batting: RHB José Ruíz 0-0: Ball
1-0: Swinging Strike
1-1: Ground out 4-3 (Groundball, 4)
Batting: RHB Francisco Fernández 0-0: Ball
1-0: Fly out, F6 (Popup, 6M)
Batting: RHB Rubén Palma 0-0: Ball
1-0: Called Strike
1-1: Ball
2-1: Ball
3-1: Base on Balls
Batting: LHB Jorge Fernández 0-0: SINGLE (Line Drive, 3D)
Rubén Palma to second
Batting: LHB Brian Easdale 0-0: Ball
1-0: Ball
2-0: SINGLE (Flyball, 9LS)
Rubén Palma to third
Jorge Fernández to second
Runner from 3rd tries for Home, SAFE, throw made home
Batting: RHB Fernando Castellanos 0-0: Called Strike
0-1: Foul Ball, location: 2F
0-2: Ball
1-2: Ball
2-2: Ball
3-2: Foul Ball, location: 2F
3-2: SINGLE (Line Drive, 9S)
Jorge Fernández to third
Brian Easdale to second
Jorge Fernández scores
Brian Easdale to third
Batting: RHB Eugenio Maldonado 0-0: Ball
1-0: Ground out 6-3 (Groundball, 56D)
Bottom of the 3rd over - 2 runs, 3 hits, 0 errors, 2 left on base; Culver City 0 - Bismarck 2
TOP OF THE 4TH
Culver City Extras batting - Pitching for Bismarck Barons : LHP Charlie Conner
Batting: RHB Ricardo Deleón 0-0: Ball
1-0: Foul Ball, location: 2F
1-1: Ball
2-1: Swinging Strike
2-2: Ball
3-2: Ground out 4-3 (Groundball, 34)
Pitching: LHP Tom Hale
Batting: LHB Trey Fitzpatrick 0-0: Ball
1-0: Fly out, F8 (Flyball, 8RS)
Batting: RHB Robert Koremans 0-0: Ball
1-0: Ball
2-0: Ball
3-0: Base on Balls
Batting: LHB Richard Bell 0-0: Ball
1-0: Ball
Wild Pitch!
Robert Koremans to second
2-0: Called Strike
2-1: Ball
3-1: Swinging Strike
3-2: DOUBLE (Flyball, 78XD)
Robert Koremans scores
Batting: SHB Joey Boyd 0-0: Foul Ball, location: 2F
0-1: Swinging Strike
0-2: Ball
1-2: Fly out, F6 (Popup, 6M)
Top of the 4th over - 1 run, 1 hit, 0 errors, 1 left on base; Culver City 1 - Bismarck 2
BOTTOM OF THE 4TH
Bismarck Barons batting - Pitching for Culver City Extras : LHP Marcos Ortíz
Batting: LHB Orlando Hernández 0-0: Called Strike
0-1: Ball
1-1: Foul Ball, location: 2F
1-2: Foul Ball, location: 2F
1-2: Ball
2-2: Ground out 6-3 (Groundball, 6S)
Batting: RHB Xie-li Fong 0-0: Ball
1-0: Ball
2-0: Called Strike
2-1: Called Strike
2-2: Foul Ball, location: 2F
2-2: Foul Ball, location: 2F
2-2: Foul Ball, location: 2F
2-2: Ground out U3 (Groundball, 34S)
Batting: RHB José Ruíz 0-0: Fly out, F1 (Line Drive, 15)
Bottom of the 4th over - 0 runs, 0 hits, 0 errors, 0 left on base; Culver City 1 - Bismarck 2
TOP OF THE 5TH
Culver City Extras batting - Pitching for Bismarck Barons : LHP Tom Hale
Batting: LHB Ramiro Venegas 0-0: Fly out, F9 (Flyball, 9LS)
Batting: RHB Horace Johnson 0-0: Ball
1-0: Foul Ball, location: 2F
1-1: Ball
2-1: Swinging Strike
2-2: Ball
3-2: Base on Balls
Batting: SHB Norberto Muńóz 0-0: Foul Ball, location: 2F
0-1: Fly out, F7 (Flyball, 7D)
Batting: RHB Dave Anderson 0-0: Ball
1-0: Called Strike
Horace Johnson is caught stealing 2nd base
Top of the 5th over - 0 runs, 0 hits, 0 errors, 0 left on base; Culver City 1 - Bismarck 2
BOTTOM OF THE 5TH
Bismarck Barons batting - Pitching for Culver City Extras : LHP Marcos Ortíz
Batting: RHB Francisco Fernández 0-0: SINGLE (Line Drive, 78S)
Batting: RHB Rubén Palma 0-0: SINGLE (Line Drive, 8RS)
Francisco Fernández to second
Batting: LHB Jorge Fernández 0-0: Ball
1-0: Reached on error, E4 (Groundball, 4S)
Francisco Fernández scores
Rubén Palma to third
Batting: LHB Brian Easdale 0-0: Ball
1-0: Ball
2-0: Ball
3-0: Base on Balls
Batting: RHB Fernando Castellanos 0-0: Foul Ball, location: 2F
0-1: Called Strike
0-2: Fly out, F8 (Flyball, 78XD)
Runner from 3rd tags up, SCORES, no throw
Jorge Fernández to third
Batting: RHB Eugenio Maldonado 0-0: Ball
1-0: Ball
Throwing error on steal attempt, E2
Jorge Fernández scores
Brian Easdale to third
2-0: Called Strike
2-1: Ball
3-1: Base on Balls
Batting: LHB Orlando Hernández 0-0: Called Strike
0-1: Foul Ball, location: 2F
0-2: Ball
1-2: Foul Ball, location: 2F
1-2: Ball
2-2: Ball
3-2: Fielders Choice at 2nd, 1-6 (Groundball, 13S)
Batting: RHB Xie-li Fong 0-0: Swinging Strike
0-1: Ball
1-1: Foul Ball, location: 2F
1-2: Ground out 4-3 (Groundball, 34)
Bottom of the 5th over - 3 runs, 2 hits, 2 errors, 2 left on base; Culver City 1 - Bismarck 5
TOP OF THE 6TH
Culver City Extras batting - Pitching for Bismarck Barons : LHP Tom Hale
Batting: RHB Dave Anderson 0-0: Ball
1-0: Ball
2-0: Ball
3-0: Called Strike
3-1: Foul Ball, location: 2F
3-2: Foul Ball, location: 2F
3-2: Base on Balls
Batting: RHB Ricardo Deleón 0-0: Ball
1-0: Ball
2-0: Foul Ball, location: 2F
2-1: Ball
3-1: SINGLE (Flyball, 3D)
Dave Anderson to second
Runner from 2nd tries for 3rd, SAFE, throw made to third
Batting: LHB Trey Fitzpatrick 0-0: Called Strike
0-1: Swinging Strike
0-2: Strikes out swinging
Batting: RHB Robert Koremans 0-0: Ball
1-0: Swinging Strike
1-1: Foul Ball, location: 2F
1-2: SINGLE (Groundball, 6MD)
Dave Anderson scores
Ricardo Deleón to second
Batting: LHB Richard Bell 0-0: Ball
1-0: Ball
2-0: Foul Ball, location: 2F
2-1: Ball
3-1: Swinging Strike
3-2: Strikes out swinging
Batting: SHB Joey Boyd 0-0: Ball
Wild Pitch!
Ricardo Deleón to third
Robert Koremans to second
1-0: Ground out 6-3 (Groundball, 6)
Top of the 6th over - 1 run, 2 hits, 0 errors, 2 left on base; Culver City 2 - Bismarck 5
BOTTOM OF THE 6TH
Bismarck Barons batting - Pitching for Culver City Extras : LHP Marcos Ortíz
Batting: RHB José Ruíz 0-0: Ball
1-0: Called Strike
1-1: Foul Ball, location: 2F
1-2: Strikes out swinging
Batting: RHB Francisco Fernández 0-0: Ball
1-0: Ball
2-0: Ball
3-0: Foul Ball, location: 2F
3-1: Base on Balls
Pitching: RHP Rubén Cruz
Batting: RHB Rubén Palma 0-0: Ball
1-0: Foul Ball, location: 2F
1-1: Ball
2-1: Called Strike
Francisco Fernández steals 2nd base
2-2: Foul Ball, location: 2F
2-2: Foul Ball, location: 2F
2-2: Fly out, F8 (Flyball, 8RM)
Batting: LHB Jorge Fernández 0-0: Called Strike
0-1: Foul Ball, location: 2F
0-2: Strikes out swinging
Bottom of the 6th over - 0 runs, 0 hits, 0 errors, 1 left on base; Culver City 2 - Bismarck 5
TOP OF THE 7TH
Culver City Extras batting - Pitching for Bismarck Barons : LHP Tom Hale
Batting: LHB Ramiro Venegas 0-0: SINGLE (Line Drive, 6M)
Batting: RHB Horace Johnson 0-0: Ball
1-0: Foul Ball, location: 2F
1-1: Foul Ball, location: 2F
1-2: DOUBLE (Flyball, 8LXD)
Ramiro Venegas to third
Batting: SHB Norberto Muńóz 0-0: Foul Ball, location: 2F
0-1: SINGLE (Flyball, 7LS)
Ramiro Venegas scores
Horace Johnson to third
Runner from 3rd tries for Home, SAFE, no throw
Pitching: RHP Armando Martínez
Batting: RHB Dave Anderson 0-0: Ball
Norberto Muńóz steals 2nd base
1-0: Ball
2-0: Called Strike
2-1: Ground out 6-3 (Groundball, 6)
Norberto Muńóz to third
Pinch Hitting: LHB Ernesto Meléndez 0-0: SINGLE (Line Drive, 6D)
Norberto Muńóz scores
Batting: LHB Trey Fitzpatrick 0-0: Ball
1-0: Called Strike
1-1: DOUBLE (Flyball, 8RXD)
Ernesto Meléndez to third
Runner from 3rd tries for Home, SAFE, no throw
Batting: RHB Robert Koremans 0-0: Ball
1-0: Ball
2-0: Foul Ball, location: 2F
2-1: SINGLE (Flyball, 9LM)
Trey Fitzpatrick to third
Runner from 3rd tries for Home, SAFE, throw made home
Batting: LHB Richard Bell 0-0: Called Strike
0-1: Ball
1-1: Foul Ball, location: 2F
1-2: Ball
2-2: Ball
3-2: Base on Balls
Robert Koremans to second
Pinch Hitting: LHB Tony Smith 0-0: Ball
1-0: Ball
2-0: Foul Ball, location: 2F
2-1: Foul Ball, location: 2F
2-2: Ball
3-2: Foul Ball, location: 2F
3-2: Fly out, F7 (Flyball, 7S)
Batting: LHB Ramiro Venegas 0-0: SINGLE (Line Drive, 78M)
Robert Koremans to third
Richard Bell to second
Runner from 3rd tries for Home, SAFE, throw made home
Batting: RHB Horace Johnson 0-0: Foul Ball, location: 2F
0-1: 3-RUN HOME RUN (Flyball, 9LD), Distance : 309 ft
Pitching: LHP César Galván
Batting: SHB Norberto Muńóz 0-0: Called Strike
0-1: Ball
1-1: Called Strike
1-2: Ball
2-2: Ball
3-2: Base on Balls
Batting: RHB Dave Anderson 0-0: Ball
1-0: Fly out, F8 (Flyball, 89M)
Top of the 7th over - 9 runs, 8 hits, 0 errors, 1 left on base; Culver City 11 - Bismarck 5
BOTTOM OF THE 7TH
Bismarck Barons batting - Pitching for Culver City Extras : RHP Rubén Cruz
Now in LF: Ernesto Meléndez
Now in CF: Jason McIntosh
Batting: LHB Brian Easdale 0-0: Foul Ball, location: 2F
0-1: SINGLE (Groundball, 6MD)
Batting: RHB Fernando Castellanos 0-0: Ball
Brian Easdale steals 2nd base
1-0: Called Strike
1-1: Fly out, F8 (Flyball, 8RXD)
Runner from 2nd tags up, SAFE at 3rd, no throw
Batting: RHB Eugenio Maldonado 0-0: Swinging Strike
0-1: Foul Ball, location: 2F
0-2: Ground out 6-3 (Groundball, 6)
Brian Easdale scores
Batting: LHB Orlando Hernández 0-0: Ball
1-0: Called Strike
1-1: Ball
2-1: Foul Ball, location: 2F
2-2: Foul Ball, location: 2F
2-2: Ball
3-2: Foul Ball, location: 2F
3-2: Base on Balls
Batting: RHB Xie-li Fong 0-0: Ball
Orlando Hernández is caught stealing 2nd base
Bottom of the 7th over - 1 run, 1 hit, 0 errors, 0 left on base; Culver City 11 - Bismarck 6
TOP OF THE 8TH
Culver City Extras batting - Pitching for Bismarck Barons : LHP César Galván
Now in CF: Pedro García
Batting: LHB Ernesto Meléndez 0-0: Called Strike
0-1: Foul Ball, location: 2F
0-2: SINGLE (Line Drive, 4MD)
Batting: LHB Trey Fitzpatrick 0-0: Grounds out, U3 (Groundball, 3L)
Batting: RHB Robert Koremans 0-0: Ball
1-0: Called Strike
1-1: Ball
2-1: Ball
3-1: Base on Balls
Batting: LHB Richard Bell 0-0: Ball
1-0: Called Strike
1-1: Grounds into double play, 1-6-3 (Groundball, P)
Top of the 8th over - 0 runs, 1 hit, 0 errors, 1 left on base; Culver City 11 - Bismarck 6
BOTTOM OF THE 8TH
Bismarck Barons batting - Pitching for Culver City Extras : RHP Rubén Cruz
Batting: RHB Xie-li Fong 0-0: Swinging Strike
0-1: Called Strike
0-2: Fly out, F9 (Flyball, 9LS)
Batting: RHB José Ruíz 0-0: Called Strike
0-1: Foul Ball, location: 2F
0-2: Ball
1-2: Ball
2-2: Ball
3-2: Foul Ball, location: 2F
3-2: Strikes out swinging
Batting: RHB Pedro García 0-0: Called Strike
0-1: SINGLE (Groundball, 4MD)
Batting: RHB Rubén Palma 0-0: Fly out, F8 (Flyball, 8RM)
Bottom of the 8th over - 0 runs, 1 hit, 0 errors, 1 left on base; Culver City 11 - Bismarck 6
TOP OF THE 9TH
Culver City Extras batting - Pitching for Bismarck Barons : LHP César Galván
Batting: RHB Jason McIntosh 0-0: Called Strike
0-1: Fly out, F4 (Popup, 13S)
Batting: LHB Ramiro Venegas 0-0: Ground out U3 (Groundball, 3L)
Batting: RHB Horace Johnson 0-0: Ball
1-0: Foul Ball, location: 2F
1-1: Ball
2-1: Foul Ball, location: 2F
2-2: Fly out, F7 (Flyball, 7)
Top of the 9th over - 0 runs, 0 hits, 0 errors, 0 left on base; Culver City 11 - Bismarck 6
BOTTOM OF THE 9TH
Bismarck Barons batting - Pitching for Culver City Extras : RHP Rubén Cruz
Batting: LHB Jorge Fernández 0-0: Ground out 3-1 (Groundball, 34S)
Batting: LHB Brian Easdale 0-0: Ball
1-0: Foul Ball, location: 2F
1-1: SINGLE (Flyball, 89M)
Batting: RHB Fernando Castellanos 0-0: Ball
1-0: Fly out, F8 (Flyball, 8RS)
Batting: RHB Eugenio Maldonado 0-0: Ball
1-0: Ball
2-0: Ball
3-0: Base on Balls
Brian Easdale to second
Batting: LHB Orlando Hernández 0-0: Ball
1-0: Foul Ball, location: 2F
1-1: Ground out 3-1 (Groundball, 34S)
Bottom of the 9th over - 0 runs, 1 hit, 0 errors, 2 left on base; Culver City 11 - Bismarck 6
Saturday, December 16th, 2017 - OOTP Baseball 18.8 Build 76